 Dungeon Crawl Stone Soup version 0.23.2-1-ga50397a6bc (webtiles) character file.

Game seed: 6109215267054999141

381 Morrissey the Chopper (level 6, -5/72 HPs)
             Began as a Demonspawn Berserker on Apr 19, 2019.
             Was a Believer of Trog.
             Slain by a wyvern (11 damage)
             ... on level 4 of the Dungeon.
             The game lasted 00:03:54 (3056 turns).

Morrissey the Chopper (Demonspawn Berserker)        Turns: 3056, Time: 00:03:55

Health: -5/72      AC:  5    Str: 25    XL:     6   Next: 46%
Magic:  6/6        EV: 13    Int:  8    God:    Trog [**....]
Gold:   112        SH:  0    Dex: 12    Spells: 5/5 levels left

rFire    + . .     SeeInvis +   a - +0 war axe
rCold    . . .     Gourm    +   (no shield)
rNeg     . . .     Faith    .   b - +0 animal skin
rPois    .         Spirit   .   (helmet restricted)
rElec    .         Reflect  .   (no cloak)
rCorr    .         Harm     .   (no gloves)
MR       .....                  i - +0 pair of boots
Stlth    ..........             p - amulet of the gourmand
HPRegen  0.22/turn              n - ring of see invisible
MPRegen  0.10/turn              (no ring)

@: berserking, very quick
A: antennae 1, molten scales 1, fire resistance 1, flame cloud immunity
a: Berserk, Trog's Hand, Renounce Religion


You were on level 4 of the Dungeon.
You worshipped Trog.
Trog was pleased with you.
You were very full.

You visited 1 branch of the dungeon, and saw 4 of its levels.

You collected 112 gold pieces.

Inventory:

Hand Weapons
 a - a +0 war axe (weapon)
 u - a +0 hand axe
Missiles
 l - a throwing net (quivered)
Armour
 b - a +0 animal skin (worn)
 i - a +0 pair of boots (worn)
Jewellery
 n - a ring of see invisible (left hand)
 p - an amulet of the gourmand (around neck)
Scrolls
 f - a scroll of teleportation {unknown}
 j - 2 scrolls of noise {unknown}
 k - 4 scrolls of identify {unknown}
 o - 2 scrolls of remove curse {unknown}
 q - a scroll of fear {unknown}
Potions
 d - 2 potions of curing
 e - a potion of magic {unknown}
 g - a potion of resistance
 h - a potion of agility {unknown}
 m - a potion of cancellation {unknown}
 r - a potion of mutation {unknown}
 s - a potion of heal wounds {unknown}
Comestibles
 c - 7 rations
 t - 5 chunks of flesh


   Skills:
 + Level 4.1 Fighting
 * Level 4.7 Axes
 + Level 3.2 Armour
 + Level 3.1 Dodging


You had 5 spell levels left.
You didn't know any spells.
Your spell library was empty.

Dungeon Overview and Level Annotations

Branches:
Dungeon (4/15)
 Temple: D:4-7

Altars:
Ashenzari
Okawaru
Qazlal
Sif Muna
Trog
Wu Jian
Xom


Innate Abilities, Weirdness & Mutations

You have a pair of small antennae on your head.
You are partially covered in molten scales. (AC +2)
Your flesh is heat resistant. (rF+)
You are immune to clouds of flame.


Message History

You kill the orc priest!
Trog accepts your kill.
You slash the phantom! You hit the wyvern.
The wyvern bites you but does no damage.
The phantom blinks!
You closely miss the wyvern.
The wyvern is lightly wounded.
You hit the ball python.
You kill the ball python!
Trog accepts your kill. The wyvern bites you!
* * * LOW HITPOINT WARNING * * *
The phantom blinks!
You closely miss the wyvern.
The wyvern is lightly wounded.
You slash the orc!
You kill the orc!
Trog accepts your kill. The wyvern bites you!
You die...

.. #.# ### ..#####.#
.... ........###...
............##.
(#.............
.....§.o.......
......l.)...# #@§..#
# #(#..# #..
####(#..#
#...#....#_.# #
##.....†##...##.#
......#.........#
.......)##...#### #
.....#.####.######.#
.......
#.#.......##.


You could see a wyvern and an orc.

Vanquished Creatures
  An orc warrior (D:3)
  A scorpion (D:4)
  An orc priest (D:4)
  2 bullfrog skeletons (D:4)
  2 orc wizards
  3 adders
  2 worms (D:3)
  A dart slug (D:3)
  A leopard gecko (D:3)
  14 orcs
  3 giant cockroaches
  7 goblins
  4 hobgoblins
  2 jackals (D:3)
  5 kobolds
  4 ball pythons
  3 bats
  2 frilled lizards (D:4)
  8 rats
66 creatures vanquished.

Notes
Turn   | Place    | Note
-------+----------+-------------------------------------------
     0 | D:1      | Morrissey the Demonspawn Berserker began the quest for the
                  | Orb.
     0 | D:1      | Reached XP level 1. HP: 18/18 MP: 1/1
   641 | D:1      | Gained mutation: Your flesh is heat resistant. (rF+)
                  | [demonic ancestry]
   641 | D:1      | Reached XP level 2. HP: 19/24 MP: 2/2
   892 | D:2      | Found a shattered altar of Ashenzari.
  1076 | D:2      | Found a faded altar of an unknown god.
  1312 | D:2      | Found a shimmering altar of Xom.
  1448 | D:2      | Found a bloodstained altar of Trog.
  1849 | D:3      | Gained mutation: You are partially covered in molten
                  | scales. (AC +2) [demonic ancestry]
  1849 | D:3      | Reached XP level 3. HP: 17/29 MP: 3/3
  2195 | D:3      | Reached ** piety under Trog
  2351 | D:3      | Found an ornate altar of the Wu Jian Council.
  2420 | D:3      | Found a deep blue altar of Sif Muna.
  2619 | D:3      | Noticed an orc warrior
  2659 | D:3      | Killed an orc warrior
  2659 | D:3      | Reached XP level 4. HP: 37/37 MP: 4/4
  2659 | D:3      | Gained mutation: You are immune to clouds of flame.
                  | [demonic ancestry]
  2659 | D:3      | Reached XP level 5. HP: 42/42 MP: 5/5
  2871 | D:4      | Found an iron altar of Okawaru.
  2982 | D:4      | Found a stormy altar of Qazlal.
  2994 | D:4      | Gained mutation: You have a pair of small antennae on your
                  | head. [demonic ancestry]
  2994 | D:4      | Reached XP level 6. HP: 48/48 MP: 6/6
  3050 | D:4      | Noticed a wyvern
  3056 | D:4      | Slain by a wyvern

Skill      XL: |  1  2  3  4  5  6 |
---------------+-------------------+-----
Axes           | 3 4 |  4.7
Armour         | 2 3 |  3.2
Dodging        | 2 3 |  3.1
Fighting       | 4 |  4.1

Action                   |  1- 3 |  4- 6 || total
-------------------------+-------+-------++-------
Melee: Hand axe          |   139 |    23 ||   162
       War axe           |       |    27 ||    27
Throw: Throwing net      |     1 |       ||     1
Invok: Berserk           |     4 |     3 ||     7
       Trog's Hand       |     1 |       ||     1
  Use: Potion            |     1 |       ||     1
 Stab: Held in net/web   |     1 |       ||     1
       Sleeping          |     1 |       ||     1
  Eat: Chunk             |    18 |     4 ||    22
Armor: Animal skin       |    38 |    15 ||    53
Dodge: Dodged            |    80 |    40 ||   120
